 Dungeon Crawl Stone Soup version 0.28-a0-677-g3278d6a771 (webtiles) character file.

Game seed: 17621342304711784042

243160 1994 the Covert (level 19, -10/134 HPs)
             Began as an Octopode Fire Elementalist on Oct 18, 2021.
             Was an Initiate of Gozag.
             Mangled by an entropy weaver (11 damage)
             ... on level 2 of the Vaults.
             The game lasted 03:09:10 (41420 turns).

1994 the Covert (Octopode Fire Elementalist)       Turns: 41420, Time: 03:09:11

Health: -10/134    AC:  8    Str: 17    XL:     19   Next: 41%
Magic:  41/45      EV: 12    Int: 26    God:    Gozag
Gold:   5420       SH:  0    Dex: 22    Spells: 0/45 levels left

rFire   + . .      SeeInvis +   a - +0 staff of Battle
rCold   + . .      Faith    .   n - +0 kite shield
rNeg    + + .      Spirit   .   Z - +2 hood of the Assassin {Detection Stab+ Stlth++}
rPois   +          Reflect  .   t - amulet of regeneration
rElec   .          Harm     .   X - ring of magical power
rCorr   +          Rampage  .   v - +6 ring of strength
Will    +++..                   E - ring "Uggepeos" {Fire +Blink rN+ SInv}
Stlth   +++++++++.              I - ring of Faedicw {rPois AC+4}
HPRegen 1.32/turn               S - ring of the Octopus King {rN+ AC+1 EV+1 Str+1 Int+1 Dex+1}
MPRegen 0.29/turn               T - ring "Guplyc" {rC+ Dex+3}
                                D - ring "Ecimpeot" {rC+ rCorr Str+3 Int-2 Dex+4}
                                U - ring of the Mage {Wiz Will++ Int+3}

@: gold aura, held
A: almost no armour, amphibious, 8 rings, camouflage 1, gelatinous body 1,
(nimble swimmer 1), tentacles
}: 2/15 runes: barnacled, gossamer
a: Renounce Religion, Evoke Blink, Potion Petition, Call Merchant, Bribe Branch


You were on level 2 of the Vaults.
You worshipped Gozag.
Gozag was greatly pleased with you.
You visited 7 branches of the dungeon, and saw 33 of its levels.
You also visited: Bailey and Ice Cave.

You collected 14068 gold pieces.
You spent 5206 gold pieces at shops.
You paid 3442 gold pieces to Gozag.

Inventory:

Hand Weapons
 a - the +0 staff of Battle (weapon)
   (You found it on level 8 of the Dungeon)

   It enhances your conjuration magic.
   It summons a battlesphere in combat, with strength depending on Conjurations
   skill.
   Its strikes trigger the battlesphere's blasts.
 b - a +3 dagger of venom
Missiles
 s - 3 curare-tipped darts
 J - 66 poisoned darts (quivered)
 V - 6 throwing nets
Armour
 n - a +0 kite shield (worn)
 q - a +2 tower shield of protection
 Z - the +2 hood of the Assassin (worn) {Detection Stab+ Stlth++}
   (You found it on level 6 of the Lair of Beasts)

   It allows the wearer to sense nearby creatures.
   It allows the wearer to make particularly effective stabbing attacks against
   helpless or unaware enemies with any weapon.
   Stlth:     It makes you much more stealthy.
Magical Staves
 c - a staff of earth
 C - a staff of death
Jewellery
 t - an amulet of regeneration (around mantle)
 v - a +6 ring of strength (right tentacle)
 D - the ring "Ecimpeot" (on tentacle) {rC+ rCorr Str+3 Int-2 Dex+4}
   (You bought it in a shop on level 2 of the Orcish Mines)

   [ring of protection from cold]

   Str:       It affects your strength (+3).
   Int:       It affects your intelligence (-2).
   Dex:       It affects your dexterity (+4).
   rC:        It protects you from cold.
   rCorr:     It protects you from acid and corrosion.
 E - the ring "Uggepeos" (on tentacle) {Fire +Blink rN+ SInv}
   (You bought it in a shop on level 12 of the Dungeon)

   [ring of fire]

   It enhances your fire magic.
   rF:        It protects you from fire.
   rC:        It makes you vulnerable to cold.
   rN:        It protects you from negative energy.
   SInv:      It lets you see invisible.
   +Blink:    It lets you blink.
 H - a ring of willpower
 I - the ring of Faedicw (on tentacle) {rPois AC+4}
   (You bought it in a shop on level 2 of the Orcish Mines)

   [ring of protection]

   AC:        It affects your AC (+4).
   rPois:     It protects you from poison.
 S - a ring of the Octopus King (on tentacle) {rN+ AC+1 EV+1 Str+1 Int+1 Dex+1}
   (You bought it in a shop on level 2 of the Orcish Mines)

   [ring of positive energy]

   AC:        It affects your AC (+1).
   EV:        It affects your evasion (+1).
   Str:       It affects your strength (+1).
   Int:       It affects your intelligence (+1).
   Dex:       It affects your dexterity (+1).
   rN:        It protects you from negative energy.
 T - the ring "Guplyc" (on tentacle) {rC+ Dex+3}
   (You found it on level 6 of the Lair of Beasts)

   [ring of protection from cold]

   Dex:       It affects your dexterity (+3).
   rC:        It protects you from cold.
 U - the ring of the Mage (on tentacle) {Wiz Will++ Int+3}
   (You found it in an ice cave)

   [ring of wizardry]

   It improves your spell success rate.
   Int:       It affects your intelligence (+3).
   Will:      It greatly increases your willpower.
 X - a ring of magical power (left tentacle)
Wands
 i - a wand of paralysis (37)
 j - a wand of iceblast (19)
 r - a wand of acid (19)
 G - a wand of polymorph (29)
 W - a wand of digging (18)
Scrolls
 e - 16 scrolls of identify
 g - 15 scrolls of teleportation
 l - 9 scrolls of magic mapping
 o - 11 scrolls of fear
 u - 2 scrolls of holy word
 y - 2 scrolls of summoning
 K - 3 scrolls of vulnerability
 M - 5 scrolls of immolation
 O - a scroll of blinking
 R - 5 scrolls of fog
Potions
 d - 3 potions of lignification
 f - 4 potions of brilliance
 h - 10 potions of ambrosia
 k - 10 potions of curing
 m - 2 potions of berserk rage
 p - 4 potions of invisibility
 w - 2 potions of magic
 z - 11 potions of attraction
 A - 7 potions of might
 B - 5 potions of cancellation
 L - 8 potions of flight
 N - 7 potions of haste
 P - 8 potions of heal wounds
 Q - 3 potions of resistance
Miscellaneous
 x - a box of beasts
 F - a condenser vane
 Y - a phial of floods


   Skills:
 + Level 13.2 Fighting
 - Level 5.1 Staves
 - Level 11.3 Dodging
 - Level 14.6 Stealth
 * Level 10.3 Shields
 + Level 13.6 Spellcasting
 + Level 13.3 Conjurations
 - Level 2.0 Translocations
 - Level 7.0 Transmutations
 + Level 13.7 Fire Magic
 * Level 8.8 Earth Magic
 - Level 7.3 Evocations


You couldn't memorise any spells.
You knew the following spells:

 Your Spells              Type           Power      Damage    Failure   Level
a - Foxfire               Conj/Fire      100%       2x1d9     0%          1
b - Scorch                Fire           100%       2d10      1%          2
c - Stone Arrow           Conj/Erth      100%       3d13      1%          3
d - Flame Wave            Conj/Fire      100%       3d16      1%          4
e - Inner Flame           Hex/Fire       69%        N/A       1%          3
f - Passwall              Tmut/Erth      46%        N/A       1%          2
g - Sticky Flame          Conj/Fire      100%       2d11      1%          4
h - Apportation           Tloc           56%        N/A       1%          1
i - Blink                 Tloc           N/A        N/A       1%          2
j - Starburst             Conj/Fire      57%        6d15      1%          6
k - Iron Shot             Conj/Erth      42%        9d8       3%          6
l - Fireball              Conj/Fire      57%        3d22      1%          5
m - Statue Form           Tmut/Erth      37%        N/A       14%         6

Your spell library contained the following spells:

 Spells                   Type           Power      Damage    Failure   Level
 Beastly Appendage        Tmut           100%       N/A       1%          1
 Sandblast                Erth           100%       2d20      1%          1
 Wereblood                Tmut           52%        N/A       1%          2
 Conjure Flame            Conj/Fire      100%       6-21      1%          3
 Ignite Poison            Fire/Tmut/Pois 69%        N/A       1%          3
 Spider Form              Tmut/Pois      17%        N/A       1%          3
 Fulminant Prism          Conj/Hex       34%        3d16      1%          4
 Hailstorm                Conj/Ice       68%        3d14      1%          4
 Lee's Rapid Deconstruct  Erth           29%        3d16*     1%          5
 Freeze                   Ice            68%        1d8       2%          1
 Summon Small Mammal      Summ           68%        N/A       2%          1
 Corpse Rot               Necr/Air       34%        N/A       3%          2
 Ensorcelled Hibernation  Hex/Ice        34%        N/A       3%          2
 Poisonous Vapours        Pois/Air       34%        N/A       3%          2
 Gell's Gravitas          Tloc           14%        N/A       3%          3
 Lesser Beckoning         Tloc           28%        N/A       3%          3
 Teleport Other           Tloc           28%        N/A       3%          3
 Blade Hands              Tmut           26%        N/A       3%          5
 Leda's Liquefaction      Hex/Erth       20%        N/A       4%          4
 Call Canine Familiar     Summ           17%        N/A       7%          3
 Frozen Ramparts          Ice            34%        1d5       7%          3
 Summon Guardian Golem    Hex/Summ       17%        N/A       7%          3
 Swiftness                Air            17%        N/A       7%          3
 Vampiric Draining        Necr           8%         2d7       7%          3
 Orb of Destruction       Conj           46%        9d15      9%          7
 Alistair's Intoxication  Tmut/Pois      23%        N/A       16%         5
 Dispel Undead            Necr           17%        3d10      22%         4
 Manifold Assault         Tloc           28%        N/A       26%         5
 Ignition                 Fire           47%        3d13      45%         8
 Silence                  Hex/Air        8%         N/A       52%         5
 Spellforged Servitor     Conj/Summ      34%        N/A       73%         7
 Death Channel            Necr           8%         N/A       96%         6
 Invisibility             Hex            8%         N/A       96%         6
 Simulacrum               Ice/Necr       8%         N/A       96%         6
 Storm Form               Tmut/Air       17%        N/A       98%         7
 Animate Armour           Summ/Erth      Unusable   N/A       N/A         4

Dungeon Overview and Level Annotations

Branches:
Dungeon (14/15)            Temple (1/1) D:4            Lair (6/6) D:8
 Shoals (4/4) Lair:3       Spider (4/4) Lair:3        Slime (0/5) Lair:5
    Orc (2/2) D:12            Elf (0/3) Orc:2        Vaults (2/5) D:14
 Bailey (visited)           IceCv (visited)
  Crypt: Vaults:2-3

Altars:
Ashenzari
Cheibriados
Dithmenos
Elyvilon
Fedhas
Gozag
Hepliaklqana
Kikubaaqudgha
Makhleb
Nemelex Xobeh
Okawaru
Qazlal
Ru
Sif Muna
Trog
Uskayaw
Vehumet
Wu Jian
Xom
Yredelemnul
Zin
The Shining One

Shops:
D:5 [   D:9 [   D:12 [=   Orc:1 ?   Orc:2 *!=!   Lair:3 [   Shoals:2 !
Shoals:4 :

Portals:
Trove: D:13 (give +6 demon trident)

Annotations:
D:4 exclusion: upstairs
Shoals:1 ; hat rc++ fly


Innate Abilities, Weirdness & Mutations

You cannot wear most types of armour.
You are amphibious.
You can wear up to eight rings at the same time.
Your skin changes colour to match your surroundings (Stealth+).
Your rubbery body absorbs attacks. (AC +1, EV +1)
((You are camouflaged near water. (Stealth+)))
You have tentacles for arms and can constrict up to eight enemies at once.


Message History

The entropy weaver barely misses you. The entropy weaver hits you.
The entropy weaver completely misses you.
The entropy weaver barely misses you. The sphinx hits you! x2
The sphinx barely misses you.
Unknown command.
Unknown command.
Unknown command.
You're too confused to cast spells.
You're too confused to move!
The tarantella touches you!
You are more confused.
The entropy weaver hits you. x2; The entropy weaver misses you.
The entropy weaver hits you.
The sphinx is distracted by your dazzling golden aura.
The tarantella barely misses you.
Non-targeted confused throw: 67 darts (poison)
Press: ? - help, Q - select action, (/) - cycle Dir - look around, f - activate You throw a poisoned dart.
The jumping spider closely misses you. The jumping spider bites you.
The entropy weaver completely misses you. x2
The entropy weaver hits you!
The entropy weaver completely misses you.
The tarantella closely misses you. The jumping spider pounces on you!
* * * LOW HITPOINT WARNING * * *
You are caught in a web!
The jumping spider bites you but does no damage.
Unknown command.
Unknown command.
You feel better. The tarantella touches you!
* * * LOW HITPOINT WARNING * * *
The entropy weaver hits you!
* * * LOW HITPOINT WARNING * * *
The entropy weaver hits you!
* * * LOW HITPOINT WARNING * * *
The entropy weaver hits you!
* * * LOW HITPOINT WARNING * * *
The entropy weaver hits you.
* * * LOW HITPOINT WARNING * * *
The jumping spider barely misses you. x2; The entropy weaver hits you!
You die...
Your body crumbles into a pile of gold.

## ###...........'...## ##
.....'...........#....###.
.... #...........##....#..
.....#...........###......
.....'...........# ##.....
....##*########## ##...# .
#........# #####'#
#...s....# #......
#.s@B.$..# #(.....
#.$H.....# #..<...
#........# #......
#.......(# #......
#........# #......
#........# #......
#........# ######'
#........# #. #.


You could see a sphinx, an entropy weaver, a jumping spider, a tarantella (ally
target) and a friendly battlesphere.

Vanquished Creatures
  Frederick (Vaults:2)
  Jorgrun (D:12)
  Mlioglotl (Spider:4)
  Frances (Shoals:1)
  Polyphemus (Shoals:4)
  A kraken (Shoals:3)
  The ghost of Riroxuck the Tortoise, an adept MiFi of Gozag (Lair:3)
  Gastronok (D:11)
  2 orc warlords
  5 emperor scorpions
  Louise (Shoals:3)
  A vault warden (Vaults:1)
  4 ghost moths (Spider:4)
  5 ironbound preservers
  A stone giant (Vaults:2)
  A very ugly thing (Vaults:2)
  A spark wasp (Spider:4)
  The ghost of Neggag the Protected, a journeyman HuAr of Makhleb (Lair:4)
  4 entropy weavers
  The ghost of Soborki the Severer, a journeyman MiBe of Trog (Lair:1)
  7 dire elephants
  3 merfolk javelineers
  A crystal guardian (Vaults:1)
  5 merfolk impalers
  A great orb of eyes (Vaults:2)
  Fannar (D:10)
  5 yaktaur captains
  Erolcha (D:10)
  5 ironbound frosthearts
  A peacekeeper (Vaults:1)
  7 hydras
  6 vault guards
  A boulder beetle (Vaults:1)
  8 centaur warriors
  2 catoblepae
  4 merfolk aquamancers
  2 merfolk avatars
  Erica (D:9)
  An alligator snapping turtle (Shoals:4)
  5 two-headed ogres
  3 satyrs
  13 death yaks
  Sonja (D:11)
  5 orc high priests (Orc:2)
  13 deep trolls
  11 sea snakes
  2 lindwurms
  7 orc knights
  A wizard (Vaults:2)
  Pikel (D:7)
  10 harpies
  6 ironbound convokers
  10 orb spiders
  25 wolf spiders
  2 cyclopes
  24 fauns
  3 orc sorcerers
  3 oklob plants (Lair:5)
  3 ugly things
  9 manticores
  4 black mambas
  2 moths of wrath (Spider:4)
  An ice statue (IceCv)
  11 merfolk sirens
  4 centaur zombies
  18 elephants
  Maurice (D:11)
  6 water nymphs
  5 vault sentinels
  2 torpor snails
  A gargoyle (D:11)
  15 cane toads
  Psyche (D:10)
  3 rime drakes
  6 komodo dragons
  A kobold demonologist (D:9)
  Maggie (Lair:1)
  11 demonic crawlers
  6 trolls
  4 yaktaurs
  4 tengu conjurers
  A queen bee (Lair:5)
  34 merfolk
  16 polar bears
  Grinder (D:3)
  13 blink frogs
  6 meliai
  4 wind drakes
  26 jumping spiders
  15 hornets
  22 slime creatures
  14 dream sheep
  11 snapping turtles
  3 shadows
  A vampire (D:12)
  25 tarantellas
  68 redbacks
  5 water elementals
  2 basilisks
  47 yaks
  6 wyverns
  A spectral komodo dragon (Lair:4)
  5 steam dragons
  3 vampire mosquitoes (D:11)
  A spectral cane toad (Lair:4)
  A hydra simulacrum (Lair:4)
  4 wargs
  17 water moccasins
  An acid dragon (D:8)
  37 orc warriors
  3 black bears
  A necrophage (D:8)
  8 ogres
  17 wolves
  2 lemures (D:7)
  A phantom (D:6)
  3 centaurs
  3 kobold brigands
  11 bullfrogs
  A gnoll sergeant (D:11)
  A scorpion (D:5)
  21 killer bees
  4 wights (D:8)
  A dream sheep simulacrum (Lair:4)
  2 electric eels
  A komodo dragon simulacrum (Lair:4)
  A gnoll shaman (D:7)
  3 hounds
  Crazy Yiuf (D:3)
  2 centaur skeletons (D:6)
  23 orc priests
  A bullfrog skeleton (D:5)
  3 jellies
  Terence (D:2)
  2 iguanas
  12 orc wizards
  A killer bee zombie (D:8)
  2 hound zombies (D:5)
  A hound skeleton (D:4)
  16 gnolls
  4 adders
  A shadow imp (D:5)
  4 white imps
  A worm (D:2)
  2 dart slugs
  64 orcs
  8 ball pythons
  8 bats
  9 endoplasms
  3 giant cockroaches
  13 goblins
  12 hobgoblins
  3 jackals (D:1)
  24 kobolds
  5 quokkas
  3 frilled lizards
  6 rats
  2 tentacles (Shoals:3)
1072 creatures vanquished.

Vanquished Creatures (collateral kills)
  13 foxfires
13 creatures vanquished.

Vanquished Creatures (others)
  A wizard (D:4)
  A polar bear (IceCv)
  2 yaks (IceCv)
  A wolf (IceCv)
  A bush (Lair:6)
  968 foxfires
  46 fungi
  233 plants
  2 tentacles (Shoals:3)
1255 creatures vanquished.

Grand Total: 2340 creatures vanquished

Notes
Turn   | Place    | Note
-------+----------+-------------------------------------------
     0 | D:1      | 1994 the Octopode Fire Elementalist began the quest for the
                  | Orb.
     0 | D:1      | Reached XP level 1. HP: 11/11 MP: 3/3
   127 | D:1      | Reached XP level 2. HP: 17/17 MP: 5/5
   134 | D:1      | Learned a level 2 spell: Scorch
   405 | D:1      | Found a faded altar of an unknown god.
   538 | D:1      | Reached XP level 3. HP: 12/22 MP: 3/6
   690 | D:1      | Reached skill level 3 in Stealth
  1316 | D:2      | Reached skill level 1 in Fighting
  1560 | D:2      | Reached XP level 4. HP: 28/28 MP: 7/7
  1861 | D:2      | Noticed Terence
  1867 | D:2      | Learned a level 3 spell: Conjure Flame
  1915 | D:2      | Killed Terence
  2039 | D:2      | Found a sacrificial altar of Ru.
  2392 | D:3      | Noticed Grinder
  2541 | D:4      | Noticed an ogre
  2664 | D:4      | Found a white marble altar of Elyvilon.
  2688 | D:3      | Found a hide-covered altar of Uskayaw.
  2818 | D:3      | Reached XP level 5. HP: 33/33 MP: 7/9
  2924 | D:3      | Found a runed translucent door.
  2925 | D:3      | Noticed Crazy Yiuf
  3331 | D:4      | Learned a level 4 spell: Flame Wave
  3463 | D:4      | Found a staircase to the Ecumenical Temple.
  3570 | Temple   | Entered the Ecumenical Temple
  4124 | D:4      | Found a bloodstained altar of Trog.
  4125 | D:4      | Noticed a wizard
  4130 | D:4      | Killed a wizard
  4301 | D:4      | Reached XP level 6. HP: 38/38 MP: 2/10
  5815 | D:3      | Killed Grinder
  5816 | D:3      | Reached skill level 4 in Stealth
  5816 | D:3      | Reached XP level 7. HP: 26/45 MP: 3/12
  6077 | D:3      | Killed Crazy Yiuf
  6173 | D:5      | Entered Level 5 of the Dungeon
  6173 | D:5      | Found Zeidatim's Antique Armour Shoppe.
  6239 | D:5      | Found an opulent altar of Gozag.
  6262 | D:5      | Became a worshipper of Gozag Ym Sagoz the Greedy
  6747 | D:5      | Reached skill level 5 in Stealth
  6747 | D:5      | Reached skill level 5 in Fire Magic
  6747 | D:5      | Reached XP level 8. HP: 51/51 MP: 6/14
  8087 | D:6      | Learned a level 3 spell: Inner Flame
  8090 | D:6      | Learned a level 2 spell: Passwall
  8213 | D:6      | Reached skill level 1 in Shields
  8660 | D:7      | Reached skill level 5 in Spellcasting
  8663 | D:6      | Reached skill level 5 in Conjurations
  8663 | D:6      | Reached skill level 1 in Transmutations
  8663 | D:6      | Reached skill level 1 in Earth Magic
  8663 | D:6      | Reached XP level 9. HP: 19/57 MP: 2/16
  9210 | D:7      | Reached skill level 6 in Stealth
  9896 | D:8      | Found a flagged portal.
  9911 | D:8      | Found a shimmering altar of Xom.
  9922 | D:8      | Found a burning altar of Makhleb.
  9929 | Bailey   | Entered a bailey
  9995 | Bailey   | Noticed an orc warlord
 10143 | Bailey   | Found a runed translucent gate.
 10152 | Bailey   | Found a runed translucent gate.
 10153 | Bailey   | Found a runed translucent gate.
 10586 | Bailey   | Killed an orc warlord
 10587 | Bailey   | Reached skill level 7 in Stealth
 10587 | Bailey   | Reached XP level 10. HP: 50/63 MP: 3/18
 10909 | D:8      | Noticed Pikel
 10922 | D:7      | Killed Pikel
 11027 | D:8      | Found a glowing golden altar of the Shining One.
 11031 | D:8      | Found a basalt altar of Yredelemnul.
 11031 | D:8      | Found a stormy altar of Qazlal.
 11033 | D:8      | Found an ornate altar of the Wu Jian Council.
 11034 | D:8      | Found an ancient bone altar of Kikubaaqudgha.
 11039 | D:8      | Found an iron altar of Okawaru.
 11121 | D:8      | Found a sacrificial altar of Ru.
 11392 | D:8      | Learned a level 4 spell: Sticky Flame
 11537 | D:8      | Found a staircase to the Lair.
 11742 | D:8      | Reached skill level 5 in Dodging
 11859 | D:8      | Reached skill level 8 in Stealth
 11945 | D:8      | Found the +0 staff of Battle
 12079 | D:8      | Reached skill level 9 in Stealth
 12079 | D:8      | Reached XP level 11. HP: 72/72 MP: 19/22
 12587 | D:9      | Noticed Erica
 12593 | D:9      | Killed Erica
 12594 | D:9      | Reached XP level 12. HP: 80/80 MP: 13/24
 12691 | D:9      | Bought a +0 buckler of cold resistance for 161 gold pieces
 12708 | D:10     | Entered Level 10 of the Dungeon
 12708 | D:10     | Noticed a two-headed ogre
 12713 | D:10     | Killed a two-headed ogre
 12790 | D:10     | Noticed Fannar
 12798 | D:10     | Killed Fannar
 13048 | D:10     | Noticed Erolcha
 13056 | D:10     | Killed Erolcha
 13117 | D:10     | Noticed a two-headed ogre
 13121 | D:10     | Killed a two-headed ogre
 13155 | D:10     | Noticed Psyche
 13158 | D:10     | Killed Psyche
 13240 | D:10     | Reached skill level 10 in Stealth
 13726 | Lair:1   | Entered Level 1 of the Lair of Beasts
 13737 | Lair:1   | Noticed Maggie
 13745 | Lair:1   | Killed Maggie
 13969 | Lair:1   | Found a transporter.
 13973 | Lair:1   | Found a transporter.
 13992 | Lair:1   | Noticed Soborki's ghost (journeyman MiBe)
 14043 | Lair:1   | Noticed an eight-headed hydra
 14050 | Lair:1   | Killed an eight-headed hydra
 14296 | Lair:1   | Noticed a six-headed hydra
 14339 | Lair:1   | Killed a six-headed hydra
 14429 | Lair:1   | Reached skill level 10 in Fire Magic
 14847 | Lair:2   | Found a frozen archway.
 14868 | IceCv    | Entered an ice cave
 14973 | IceCv    | Found the ring of the Mage {Wiz Will++ Int+3}
 15140 | IceCv    | Reached XP level 13. HP: 76/87 MP: 15/26
 15566 | IceCv    | Reached skill level 10 in Conjurations
 16076 | IceCv    | Reached skill level 11 in Stealth
 16484 | IceCv    | Learned a level 3 spell: Stone Arrow
 17630 | Lair:3   | Found a hole to the Spider Nest.
 17705 | Lair:3   | Found a staircase to the Shoals.
 18711 | Lair:4   | Reached skill level 10 in Spellcasting
 18813 | Lair:4   | Reached skill level 1 in Staves
 18876 | Lair:4   | Reached skill level 1 in Evocations
 18914 | Lair:4   | Found a runed translucent gate.
 18918 | Lair:4   | Found a runed translucent gate.
 18919 | Lair:4   | Found a runed translucent gate.
 18922 | Lair:4   | Noticed Neggag's ghost (journeyman HuAr)
 18971 | Lair:4   | Reached XP level 14. HP: 71/97 MP: 15/28
 20184 | Lair:5   | Learned a level 2 spell: Blink
 20480 | Lair:5   | Reached skill level 12 in Stealth
 20669 | Lair:5   | Found a staircase to the Slime Pits.
 20777 | Lair:5   | Reached skill level 1 in Translocations
 21513 | Lair:6   | Entered Level 6 of the Lair of Beasts
 21595 | Lair:5   | Learned a level 1 spell: Beastly Appendage
 21896 | Lair:6   | Reached skill level 10 in Fighting
 22421 | Lair:6   | Reached XP level 15. HP: 90/103 MP: 27/29
 22858 | Lair:6   | Found a shimmering blue altar of Sif Muna.
 23154 | Lair:6   | Identified the ring "Guplyc" {rC+ Dex+3}
 23283 | Lair:6   | Found the +2 hood of the Assassin {Detection Stab+ Stlth++}
 23482 | Lair:4   | Killed Neggag's ghost
 23704 | Lair:1   | Killed Soborki's ghost
 23905 | D:11     | Noticed Maurice
 23912 | D:11     | Killed Maurice
 23961 | D:11     | Noticed Sonja
 23965 | D:11     | Killed Sonja
 23982 | D:11     | Reached skill level 10 in Dodging
 24031 | D:11     | Noticed Gastronok
 24038 | D:11     | Killed Gastronok
 24047 | D:11     | Reached skill level 13 in Stealth
 24161 | D:11     | You fall into a shaft and drop 3 floors!
 24345 | D:14     | HP: 3/106 [vault guard (8)]
 24355 | D:14     | Reached skill level 5 in Evocations
 24445 | D:14     | Found a gate to the Vaults.
 24721 | D:13     | Found a portal to a secret trove of treasure.
 25061 | D:11     | Identified the +1 robe "Lickud" {Rampage rPois Str+2
                  | Archmagi}
 25472 | D:12     | Learned a level 6 spell: Iron Shot
 25495 | D:12     | Bought a +2 tower shield of protection for 279 gold pieces
 25510 | D:12     | Acquired 900 gold pieces
 25528 | D:12     | Noticed Jorgrun
 25536 | D:12     | Killed Jorgrun
 25610 | D:12     | Found a staircase to the Orcish Mines.
 25927 | Orc:1    | Entered Level 1 of the Orcish Mines
 25927 | Orc:1    | Found Giahoxapp's Magic Scroll Emporium.
 25949 | Orc:1    | Bought a scroll of teleportation for 48 gold pieces
 25949 | Orc:1    | Bought a scroll of fog for 32 gold pieces
 26208 | Orc:2    | Entered Level 2 of the Orcish Mines
 26586 | Orc:1    | Noticed an orc warlord
 26614 | Orc:1    | Killed an orc warlord
 26948 | Orc:2    | Found a staircase to the Elven Halls.
 26977 | Orc:2    | Reached XP level 16. HP: 79/113 MP: 29/31
 27625 | Orc:2    | Found Seurr's General Store.
 27625 | Orc:2    | Found Edeaboud's Distillery.
 27626 | Orc:2    | Found Yledorgha's Distillery.
 27626 | Orc:2    | Found Lostav's Jewellery Shop.
 27633 | Orc:2    | Bought a scroll of teleportation for 39 gold pieces
 27633 | Orc:2    | Bought a potion of mutation for 104 gold pieces
 27633 | Orc:2    | Bought a potion of flight for 39 gold pieces
 27637 | Orc:2    | Bought a potion of magic for 120 gold pieces
 27637 | Orc:2    | Bought a potion of resistance for 150 gold pieces
 27637 | Orc:2    | Bought a potion of brilliance for 60 gold pieces
 27637 | Orc:2    | Bought a potion of haste for 150 gold pieces
 27640 | Orc:2    | Bought a potion of heal wounds for 65 gold pieces
 27641 | Orc:2    | Bought a ring of the Octopus King {rN+ AC+1 EV+1 Str+1
                  | Int+1 Dex+1} for 583 gold pieces
 27641 | Orc:2    | Found the ring of the Octopus King {rN+ AC+1 EV+1 Str+1
                  | Int+1 Dex+1}
 27645 | Orc:2    | Bought the ring of Faedicw {rPois AC+4} for 660 gold pieces
 27669 | Orc:2    | Bought the ring "Ecimpeot" {rC+ rCorr Str+3 Int-2 Dex+4}
                  | for 673 gold pieces
 27776 | D:12     | Bought the ring "Uggepeos" {Fire +Blink rN+ SInv} for 853
                  | gold pieces
 27778 | D:12     | Acquired a book of Fire
 27905 | Orc:2    | Learned a level 5 spell: Fireball
 28259 | Shoals:1 | Entered Level 1 of the Shoals
 28390 | Shoals:1 | Reached skill level 5 in Shields
 28531 | Shoals:1 | Found a runed translucent door.
 28684 | Shoals:1 | Acquired the +0 hat "Toid" {Fly rC++}
 28724 | Shoals:1 | Noticed Riroxuck's ghost (adept MiFi)
 28953 | Lair:3   | Found a hole to the Spider Nest.
 29374 | Lair:3   | Found a staircase to the Shoals.
 29404 | Lair:3   | Killed Riroxuck's ghost
 29626 | Shoals:1 | Noticed Frances
 29631 | Shoals:1 | Killed Frances
 30206 | Shoals:2 | Found Enimy's Distillery.
 30216 | Shoals:2 | Bought a potion of haste for 150 gold pieces
 30216 | Shoals:2 | Bought a potion of heal wounds for 75 gold pieces
 30216 | Shoals:2 | Bought a potion of magic for 120 gold pieces
 30403 | Shoals:2 | Reached skill level 14 in Stealth
 30772 | Shoals:2 | Reached skill level 5 in Earth Magic
 31654 | Shoals:3 | Noticed Louise
 31658 | Shoals:3 | Killed Louise
 31881 | Shoals:3 | Reached XP level 17. HP: 85/119 MP: 28/32
 32073 | Shoals:3 | Noticed a kraken
 32085 | Shoals:3 | Killed a kraken
 32176 | Shoals:4 | Entered Level 4 of the Shoals
 32881 | Shoals:4 | Got a barnacled rune of Zot
 33018 | Shoals:4 | Reached skill level 5 in Staves
 33237 | Shoals:4 | Noticed Polyphemus
 33245 | Shoals:4 | Killed Polyphemus
 33362 | Shoals:4 | Found Cotifouge's Book Emporium.
 33377 | Shoals:4 | Bought a book of Party Tricks for 570 gold pieces
 33379 | Shoals:4 | Learned a level 1 spell: Apportation
 33386 | Shoals:4 | Learned a level 6 spell: Starburst
 33713 | Spider:1 | Entered Level 1 of the Spider Nest
 33718 | Lair:3   | Bought a fading buckler for 275 gold pieces
 33718 | Lair:3   | Identified the +0 buckler of Impi {Harm Str+4} (You bought
                  | it in a shop on level 3 of the Lair of Beasts)
 33937 | Spider:1 | Identified the +5 halberd "Brush" {vorpal, rCorr}
 35427 | Spider:2 | Reached XP level 18. HP: 93/126 MP: 34/34
 36810 | Spider:4 | Entered Level 4 of the Spider Nest
 37091 | Spider:4 | Acquired 1284 gold pieces
 37105 | Spider:4 | Noticed Mlioglotl
 37113 | Spider:4 | Killed Mlioglotl
 37555 | Spider:4 | Reached skill level 5 in Transmutations
 38190 | Spider:4 | HP: 3/127 [emperor scorpion (23)]
 38555 | Spider:4 | Got a gossamer rune of Zot
 38909 | Vaults:1 | Entered Level 1 of the Vaults
 40113 | Vaults:1 | Reached XP level 19. HP: 117/133 MP: 36/36
 40717 | Vaults:2 | Learned a level 6 spell: Statue Form
 40735 | Vaults:2 | Reached skill level 10 in Shields
 40836 | Vaults:2 | Noticed Frederick
 40848 | Vaults:2 | Killed Frederick
 41374 | Vaults:2 | Got the Disquisition on Beguiling and Stolen Souls
 41420 | Vaults:2 | HP: 3/134 [entropy weaver (8)]
 41420 | Vaults:2 | HP: 1/134 [entropy weaver (2)]
 41420 | Vaults:2 | Mangled by an entropy weaver

Illustrated notes

Levels and vault maps discovered:
D:1:      shiori_arrival_oz, layout_loops_ring,
          shapermc_ecumenical_altar_mp_ritualfount,
          chequers_serial_rivers_room_b, grunt_decor_mini_mirrors
D:2:      layout_loops_ring, basic_altar, solitary_fountain,
          minmay_misc_feat_pillars, serial_bayou_pond_a,
          hangedman_decor_clover_reticule, uniq_terence
D:3:      layout_basic, nicolae_overflow_hidden_temple, hangedman_decor_push,
          uniq_crazy_yiuf_cottage, uniq_grinder
D:4:      layout_basic, trog_wizard, lemuel_doored_altar,
          minmay_temple_entry_statues, minmay_cupped
D:5:      layout_basic, nicolae_gozag_seed_capital, serial_shops,
          nicolae_stop_n_shop_2
D:6:      layout_basic, minmay_misc_feat_more_columns
D:7:      layout_loops_ring
D:8:      layout_basic, grunt_temple_overflow_open,
          nicolae_ru_great_annihilating_truth, lair_entry_dummy, enter_bailey_1,
          hellmonk_guarded_unrand_staff_of_battle, uniq_pikel
D:9:      layout_rooms, uniq_erica
D:10:     layout_irregular_city, st_stairs_4, uniq_erolcha, uniq_psyche,
          uniq_fannar
D:11:     layout_basic, uniq_maurice, uniq_sonja, uniq_gastronok
D:12:     layout_rooms, erik_orc_4, kennysheep_nondescript,
          lightli_fourway_metalbox, uniq_jorgrun
D:13:     layout_big_octagon, enter_trove_0, minmay_fire_ice_demons
D:14:     layout_basic, grunt_vaults_entry_fortified
Temple:   jpeg_temple_island
Lair:1:   layout_concentric_octagons, nzn_ghost_randoct, uniq_maggie
Lair:2:   layout_cellular_growth, portal_ice_cave_entry_pillars_2
Lair:3:   layout_cave_pods, elwin_shoals_entry_rooms, spider_nest_entry_a
Lair:4:   layout_cave_pods, gammafunk_ghost_necromancy,
          infiniplex_staircase_pool
Lair:5:   layout_gridlike, minmay_slime_entry_oklob_enclosed, special_room
          [special_room_bee]
Lair:6:   gammafunk_lair_ancient_temple, layout_loops_ring, basic_altar,
          chequers_serial_rivers_micro_d
Shoals:1: layout_shoals, ebering_ghost_reflecting_pool, uniq_frances
Shoals:2: layout_shoals, serial_shops, nicolae_lakefront_shop
Shoals:3: layout_shoals, uniq_louise
Shoals:4: shoals_end_grunt_garden, layout_shoals, serial_shops, shop_statue,
          uniq_polyphemus
Spider:1: layout_spider_delve, spiders_nest_hornet_nest
Spider:2: layout_chambers
Spider:3: layout_spider_delve
Spider:4: spider_rune_water, uniq_mlioglotl
Orc:1:    layout_caves, serial_shops, nicolae_shop_stone, minmay_orc_barracks
Orc:2:    st_orc_pillars, layout_caves
Vaults:1: nicolae_vaults_ninety_degrees, vaults_room_grunt_arrival_ludios,
          v_misc_3, grunt_vaults_focal, vaults_room_hallway,
          layout_vaults_omnigrid
Vaults:2: nicolae_vaults_asterisk, hangedman_vaults_stitches, v_misc_5,
          v_misc_13, minmay_crypt_entry_simple_walls, vaults_mumra_hex,
          v_misc_29, nicolae_vaults_little_squares_4, v_misc_13,
          ontoclasm_vaults_loading_screen, layout_vaults_omnibox, serial_shops,
          nicolae_shop_trees, uniq_frederick

Skill      XL: |  1  2  3  4  5  6  7  8  9 10 11 12 13 14 15 16 17 18 19 |
---------------+----------------------------------------------------------+-----
Stealth        | 3 4 5 7 9 10 11 12 13 14 | 14.6
Fighting       | 1 2 3 4 6 7 9 10 11 12 13 | 13.2
Conjurations   | 2 3 4 5 6 8 9 10 11 12 13 | 13.3
Spellcasting   | 3 4 5 7 8 9 10 11 12 13 | 13.6
Fire Magic     | 4 5 6 8 9 10 11 12 13 | 13.7
Dodging        | 3 4 5 6 7 8 9 10 11 | 11.3
Shields        | 1 3 4 6 8 9 10 | 10.3
Transmutations | 1 2 4 6 7 |  7.0
Earth Magic    | 1 2 3 5 6 7 8 |  8.8
Staves         | 1 4 5 |  5.1
Evocations     | 1 3 5 6 7 |  7.3
Translocations | 2 |  2.0

Action                   |  1- 3 |  4- 6 |  7- 9 | 10-12 | 13-15 | 16-18 | 19-21 || total
-------------------------+-------+-------+-------+-------+-------+-------+-------++-------
Melee: Unarmed           |    38 |       |       |       |       |       |       ||    38
       Constrict         |    11 |     5 |    15 |    20 |    82 |   134 |    10 ||   277
       Tentacles         |     7 |     6 |    10 |    23 |    74 |   171 |    17 ||   308
       Short sword       |     8 |     5 |       |       |       |       |       ||    13
       Dagger            |       |    29 |    53 |    30 |       |       |       ||   112
       Staff             |       |       |       |    73 |   314 |   405 |    49 ||   841
Throw: Dart              |       |       |       |       |     6 |     1 |     1 ||     8
 Cast: Foxfire           |    38 |    36 |   110 |   109 |   161 |   123 |       ||   577
       Scorch            |     1 |    11 |    48 |    33 |    64 |    20 |     1 ||   178
       Conjure Flame     |       |       |     8 |     2 |     2 |       |       ||    12
       Flame Wave        |       |       |     4 |     6 |    37 |    15 |     1 ||    63
       Inner Flame       |       |       |     1 |     1 |     1 |       |       ||     3
       Sticky Flame      |       |       |       |    21 |    30 |       |       ||    51
       Stone Arrow       |       |       |       |       |   137 |   123 |       ||   260
       Beastly Appendage |       |       |       |       |     1 |       |       ||     1
       Iron Shot         |       |       |       |       |     6 |    14 |     2 ||    22
       Blink             |       |       |       |       |     2 |     7 |       ||     9
       Fireball          |       |       |       |       |       |    76 |       ||    76
       Starburst         |       |       |       |       |       |    69 |    25 ||    94
Invok: Call Merchant     |       |       |       |     1 |     2 |     1 |       ||     4
Evoke: Wand              |       |       |     6 |       |       |     5 |       ||    11
  Use: Scroll            |       |     8 |     7 |    12 |     8 |     6 |       ||    41
       Potion            |       |       |       |     1 |     2 |     2 |     1 ||     6
 Stab: Sleeping          |     2 |     9 |     6 |     2 |     5 |    12 |     1 ||    37
       Distracted        |       |       |       |     1 |     1 |     7 |       ||     9
Armor: Skin              |     4 |     3 |     4 |    10 |    32 |    59 |    14 ||   126
Dodge: Dodged            |    36 |    10 |    61 |   104 |   307 |   405 |    61 ||   984
Block: Buckler           |       |       |    13 |    37 |   102 |       |       ||   152
       Kite shield       |       |       |       |       |    10 |   321 |    35 ||   366

Table legend: (Time is in decaauts)
 A = Elapsed time spent in this place.
 B = Non-inter-level travel time spent in this place.
 C = Inter-level travel time spent in this place.
 D = Time resting spent in this place.
 E = Time spent auto-exploring this place.
 F = Levels seen in this place.
 G = Mean time per level.
                   A        B        C        D        E       F      G
               +--------+--------+--------+--------+--------+-----+--------+
         Total |  41547 |  38921 |   2626 |   9259 |  16748 |  35 | 1187.1 |
       Dungeon |  15010 |  13705 |   1305 |   3289 |   6434 |  14 | 1072.1 |
        Temple |    504 |    468 |     36 |      0 |    450 |   1 |  504.0 |
          Lair |   9099 |   8458 |    641 |   1541 |   4314 |   6 | 1516.5 |
        Shoals |   4722 |   4544 |    178 |   1259 |   1808 |   4 | 1180.5 |
   Spider Nest |   5014 |   4787 |    227 |   1232 |   2070 |   4 | 1253.5 |
  Orcish Mines |   1995 |   1762 |    233 |    314 |    660 |   2 |  997.5 |
        Vaults |   2513 |   2510 |      3 |    765 |    924 |   2 | 1256.5 |
        Bailey |    797 |    797 |      0 |    148 |     61 |   1 |  797.0 |
      Ice Cave |   1889 |   1889 |      0 |    711 |     27 |   1 | 1889.0 |
               +--------+--------+--------+--------+--------+-----+--------+

Top non-repeatable levels by time:
     D:3: 2182 daAuts
  Lair:3: 1895 daAuts
   IceCv: 1889 daAuts
Spider:4: 1820 daAuts
  Lair:6: 1747 daAuts
  Lair:4: 1637 daAuts
Vaults:1: 1634 daAuts
     D:4: 1553 daAuts
  Lair:5: 1552 daAuts
     D:8: 1533 daAuts
Shoals:4: 1452 daAuts
Spider:2: 1428 daAuts
     D:6: 1357 daAuts
     D:7: 1297 daAuts
Shoals:3: 1247 daAuts
